Cogmind - Beta 10.2 @@@ ROGUE MODE // 2022.01.17 @ 00:57:31 Player: hyperbole Result: Destroyed by D-53 Grenadier with Mini Grenade Launcher Performance ------------- Evolutions (0) 0 Regions Visited (4) 800 Robots Destroyed (13) 65 Value Destroyed (422) 422 Prototype IDs (0) 0 Alien Tech Used (0) 0 Bonus (0) 0 TOTAL SCORE: 1287 Bonus ------- None Cogmind --------- Core Integrity 0/250 Matter 290/300 Energy 100/100 System Corruption 2% Temperature Cool (0) Movement Core (550) Ox10 Location -9/Mines Parts ------- > --- POWER (1) -------- (None) > --- PROPULSION (2) --- (None) > --- UTILITY (2) ------ High-capacity Storage Unit > --- WEAPON (2) ------- Light Assault Rifle > --- INVENTORY (12) --- Ion Engine Light Nuclear Core Aluminum Leg Aluminum Leg Aluminum Leg Improved Heat Sink Small Battery (100) High-capacity Matter Pod (200) Peak State ------------ > --- POWER ------------ Ion Engine > --- PROPULSION ------- Aluminum Leg Aluminum Leg > --- UTILITY ---------- Heat Sink Small Storage Unit > --- WEAPON ----------- Assault Rifle Assault Rifle > --- INVENTORY -------- Light Ion Engine Aluminum Leg Small Laser Light Assault Rifle Light Assault Rifle [Rating: 7] Favorites ----------- Power Light Ion Engine Engine Light Ion Engine Propulsion Aluminum Leg Leg Aluminum Leg Utility High-capacity Storage Unit Device Heat Sink Storage High-capacity Storage Unit Weapon Light Assault Rifle Energy Gun Small Laser Ballistic Gun Light Assault Rifle Build | -11 -10 -10 -10 -9 ------- Run | Scr Mat Min Exi Min Slots Evolved . | . . . . . Power . | . . . . . Propulsion . | . . . . . Utility . | . . . . . Weapon . | . . . . . Parts Attached 18 | 5 3 7 . 3 Power 2 | 1 . 1 . . Engine 2 | 1 . 1 . . Core . | . . . . . Reactor . | . . . . . Propulsion 5 | 1 1 3 . . Treads . | . . . . . Leg 5 | 1 1 3 . . Wheel . | . . . . . Hover . | . . . . . Flight . | . . . . . Utility 3 | 1 1 1 . . Device 1 | . 1 . . . Storage 2 | 1 . 1 . . Processor . | . . . . . Hackware . | . . . . . Protection . | . . . . . Artifact . | . . . . . Weapon 8 | 2 1 2 . 3 Energy Gun 1 | . . . . 1 Energy Cannon . | . . . . . Ballistic Gun 7 | 2 1 2 . 2 Ballistic Cannon . | . . . . . Launcher . | . . . . . Special Weapon . | . . . . . Impact Weapon . | . . . . . Slashing Weapon . | . . . . . Piercing Weapon . | . . . . . Special Melee Weapon . | . . . . . Unidentified Prototypes . | . . . . . Parts Lost 13 | . . 6 . 7 Power 2 | . . 1 . 1 Propulsion 4 | . . 2 . 2 Utility 1 | . . 1 . . Weapon 6 | . . 2 . 4 Highest Loss Streak 7 | . . 6 . 7 Average Slot Usage (%) 87 | . 87 91 85 79 Engine 13 | . 14 14 14 12 Leg 27 | . 28 26 28 26 Device 2 | . 1 7 . . Storage 14 | . 14 14 14 14 Ballistic Gun 27 | . 28 27 28 24 Naked Turns . | . . . . . Heaviest Build 42 | 12 14 42 37 37 Greatest Support 20 | 3 20 20 20 20 Greatest Overweight (x) 12 | 3 . 12 12 1 Average Overweight (x) 2 | 2 . 1 2 1 Largest Inventory Capacity 12 | 6 6 12 12 12 Average Capacity 11 | 5 6 10 12 12 Most Carried 11 | 3 6 10 11 11 Average Carried 8 | 1 2 7 10 10 Final Capacity 12 | 6 6 12 12 12 Final Carried 11 | 3 6 10 11 8 Class Distribution -------------------- 100% | Mutant Dominant Class ---------------- Mutant | -10/Materials Mutant | -10/Mines Mutant | -10/Exiles Mutant | -9/Mines Resources | -11 -10 -10 -10 -9 ----------- Run | Scr Mat Min Exi Min Matter Collected 594 | 241 46 291 . 16 Remotely . | . . . . . Salvage Created 392 | . 86 270 . 36 Parts 25 | . 9 16 . . Haulers Intercepted . | . . . . . Recyclers Shooed . | . . . . . Parts Field Recycled . | . . . . . Retrieved Matter . | . . . . . Parts Self-Destructed . | . . . . . Prevented . | . . . . . Kills | -11 -10 -10 -10 -9 ------- Run | Scr Mat Min Exi Min Combat Hostiles Destroyed 13 | . 2 8 . 3 Guns 13 | . 2 8 . 3 Classes Destroyed 6 | . 3 1 . 2 Operator 1 | . 1 . . . Watcher 1 | . 1 . . . Swarmer 3 | . . 3 . . Grunt 7 | . 2 5 . . Demolisher 1 | . . . . 1 Assembled 2 | . . . . 2 Best Kill Streak 5 | . 2 5 . 2 Combat Bots Only 5 | . 2 5 . 2 Max Kills in Single Turn 2 | . 1 2 . 1 Gunslinging 1 | . . 1 . . Exploded . | . . . . . Melee . | . . . . . Uniques/NPCs Destroyed . | . . . . . Combat | -11 -10 -10 -10 -9 -------- Run | Scr Mat Min Exi Min Damage Taken 1224 | . 42 610 . 572 Core 253 | . . 92 . 161 Absorbed by Shields . | . . . . . Core Remaining (%) 100 | 100 . . . . Volleys Fired 66 | . 14 35 . 17 Largest 2 | . 2 2 . 2 Hottest 60 | . 40 40 . 60 Shots Fired 125 | . 28 66 . 31 Gun 125 | . 28 66 . 31 Cannon . | . . . . . Launcher . | . . . . . Special . | . . . . . Kinetic 122 | . 28 66 . 28 Thermal 3 | . . . . 3 Explosive . | . . . . . Electromagnetic . | . . . . . Robot Hit Streak 15 | . 6 15 . 5 Robot Miss Streak 7 | . 7 5 . 2 Penetration Max . | . . . . . Secondary Targets 3 | . . 2 . 1 Max Gunslinging Chain 1 | . . 1 . 1 Shots Hit Robots 83 | . 15 49 . 19 Core Hits 33 | . 5 17 . 11 Critical Hits . | . . . . . Critical Kills . | . . . . . Critical Parts Destroyed . | . . . . . Melee Attacks . | . . . . . Impact . | . . . . . Slashing . | . . . . . Piercing . | . . . . . Sneak Attacks . | . . . . . Combat Hostiles . | . . . . . Follow-up Attacks . | . . . . . Damage Inflicted 1023 | . 325 532 . 166 Guns 830 | . 136 528 . 166 Cannons . | . . . . . Explosions 189 | . 189 . . . Melee . | . . . . . Ramming 4 | . . 4 . . Kinetic 808 | . 136 528 . 144 Thermal 211 | . 189 . . 22 Explosive . | . . . . . Electromagnetic . | . . . . . Impact . | . . . . . Slashing . | . . . . . Piercing . | . . . . . Highest Corruption 2 | . 2 2 2 2 Average Corruption 2 | . 2 2 2 2 Corruption Purged . | . . . . . Effects 18 | . . 7 8 3 Message Errors 7 | . . 2 3 2 Heat Flow Errors 2 | . . 2 . . Energy Discharges 4 | . . 1 3 . Data Loss (minor) 3 | . . 1 2 . Targeting Errors 1 | . . . . 1 Weapon Failures 1 | . . 1 . . Overload Shots . | . . . . . Overflow Damage 139 | . 139 . . . Projectiles . | . . . . . Explosions 139 | . 139 . . . Melee . | . . . . . Knockbacks . | . . . . . Impact . | . . . . . Kinetic . | . . . . . Secondary . | . . . . . Self-Inflicted Damage 2 | . . 2 . . Shots . | . . . . . Rammed 1 | . . 1 . . Targets Rammed 1 | . . 1 . . Kicked . | . . . . . Crushed . | . . . . . Highest Temperature 187 | . . 187 . 20 Average Temperature 37 | . . 46 . 16 Received Heat Transfer 404 | . 24 300 . 80 Siege Activations . | . . . . . Robots Corrupted . | . . . . . Combat Hostiles . | . . . . . Parts Fried . | . . . . . Impact Corruptions . | . . . . . Robots Melted . | . . . . . Combat Hostiles . | . . . . . Parts Melted . | . . . . . Heat Transferred 150 | . 100 . . 50 Parts Sabotaged . | . . . . . Parts Stolen . | . . . . . Parts Stripped . | . . . . . Power Chain Reactions . | . . . . . Missiles Intercepted . | . . . . . Alert | -11 -10 -10 -10 -9 ------- Run | Scr Mat Min Exi Min Peak Influence 243 | . 152 243 . 20 Initial 58 | . . 58 . . Average 84 | . 96 100 . 5 Maximum Alert Level 1 | . . 1 . . Low Security (%) 96 | 100 100 95 . 100 Level 1 3 | . . 5 . . Level 2 . | . . . . . Level 3 . | . . . . . Level 4 . | . . . . . Level 5 . | . . . . . High Security . | . . . . . Max Security . | . . . . . Squads Dispatched 2 | . 2 . . . Investigation 1 | . 1 . . . Extermination . | . . . . . Reinforcement 1 | . 1 . . . Assault . | . . . . . Garrison . | . . . . . Intercept . | . . . . . Construction Impeded . | . . . . . Haulers Reinforced . | . . . . . Stealth | -11 -10 -10 -10 -9 --------- Run | Scr Mat Min Exi Min Distress Signals . | . . . . . Communications Jammed . | . . . . . Distress Signals . | . . . . . Times Spotted 30 | . 5 10 . 15 Peak Tracking Total 9 | . 2 3 . 9 Tactical Retreats 2 | . . 2 . . Traps | -11 -10 -10 -10 -9 ------- Run | Scr Mat Min Exi Min Traps Triggered 2 | . 2 . . . Indirectly . | . . . . . Trap Hack Attempts . | . . . . . Triggered . | . . . . . Disarmed . | . . . . . Reprogrammed . | . . . . . Reused . | . . . . . Traps Extracted . | . . . . . Installed . | . . . . . Triggered . | . . . . . Machines | -11 -10 -10 -10 -9 ---------- Run | Scr Mat Min Exi Min Machines Disabled 3 | . 3 . . . Max in Single Turn 3 | . 3 . . . Machines Sabotaged . | . . . . . Garrisons Compromised . | . . . . . Overloaded Fab Kills . | . . . . . Fab Network Shutdowns . | . . . . . Hacking | -11 -10 -10 -10 -9 --------- Run | Scr Mat Min Exi Min Machines Accessed 4 | . . . 4 . Terminals . | . . . . . Fabricators . | . . . . . Repair Stations . | . . . . . Recycling Units . | . . . . . Scanalyzers . | . . . . . Garrison Access . | . . . . . Total Hacks 4 | . . . 4 . Successful 4 | . . . 4 . Failed . | . . . . . Catastrophic . | . . . . . Database Lockouts . | . . . . . Manual . | . . . . . Terminals . | . . . . . Fabricators . | . . . . . Repair Stations . | . . . . . Recycling Units . | . . . . . Scanalyzers . | . . . . . Garrison Access . | . . . . . Terminal Hacks 4 | . . . 4 . Record 4 | . . . 4 . Fabricator Hacks . | . . . . . Repair Station Hacks . | . . . . . Recycling Unit Hacks . | . . . . . Scanalyzer . | . . . . . Garrison Access Hacks . | . . . . . Unauthorized Hacks . | . . . . . Terminals . | . . . . . Fabricators . | . . . . . Repair Stations . | . . . . . Recycling Units . | . . . . . Scanalyzers . | . . . . . Garrison Access . | . . . . . Data Cores Recovered . | . . . . . Used . | . . . . . Hacking Detections . | . . . . . Full Trace Events . | . . . . . Feedback Events . | . . . . . Feedback Blocked . | . . . . . Robot Schematics Acquired . | . . . . . Robots Built . | . . . . . Matter . | . . . . . Time . | . . . . . Total Robot Build Rating . | . . . . . Part Schematics Acquired . | . . . . . Parts Built . | . . . . . Matter . | . . . . . Time . | . . . . . Total Part Build Rating . | . . . . . Parts Repaired . | . . . . . Time . | . . . . . Parts Recycled . | . . . . . Recycled Matter . | . . . . . Retrieved Matter . | . . . . . Retrieved Components . | . . . . . Parts Scanalyzed . | . . . . . Part Schematics Acquired . | . . . . . Parts Damaged . | . . . . . Bothacking | -11 -10 -10 -10 -9 ------------ Run | Scr Mat Min Exi Min Used RIF Installer . | . . . . . Robots Hacked . | . . . . . Non-combat . | . . . . . Combat . | . . . . . Robot Hacks Applied . | . . . . . Relay Couplers Released . | . . . . . Robots Rewired . | . . . . . Allies Hacked . | . . . . . Hacks Repelled . | . . . . . Allies | -11 -10 -10 -10 -9 -------- Run | Scr Mat Min Exi Min Total Allies 2 | . . 2 . . Largest Group 2 | . . 2 2 . Highest-Rated Group 45 | . . 45 45 . Highest-Rated Ally 31 | . . 31 31 . Total Orders . | . . . . . Ally Attacks . | . . . . . Total Damage . | . . . . . Kills . | . . . . . Allies Corrupted . | . . . . . Allies Melted . | . . . . . Intel | -11 -10 -10 -10 -9 ------- Run | Scr Mat Min Exi Min Robot Analysis Total . | . . . . . Derelict Logs Recovered . | . . . . . Drone Launches . | . . . . . Drone Recoveries . | . . . . . Exploration | -11 -10 -10 -10 -9 ------------- Run | Scr Mat Min Exi Min Turns Passed 2095 | 75 149 680 1109 82 Spaces Moved 991 | 36 83 295 553 24 Core 38 | 36 . 1 1 . Treads . | . . . . . Legs 953 | . 83 294 552 24 Wheels . | . . . . . Hover . | . . . . . Flight . | . . . . . Fastest Speed 50 | 50 120 120 150 150 Average Speed 185 | 183 120 178 200 150 Slowest Speed 650 | 200 120 650 650 150 Overloaded Moves . | . . . . . Propulsion Burnouts . | . . . . . Robots Hopped . | . . . . . Cave-ins Triggered . | . . . . . Exploration Rate (%) 37 | 3 20 58 93 14 Regions Visited 4 Branch Regions 3 Pre-discovered Areas . | . . . . . Known Exits Taken . | . . . . . Unknown Exits Taken 4 | 1 1 1 1 . Scrap Searched 1 | . . 1 . . Spaces Dug . | . . . . . Terrain Destroyed 34 | . 34 . . . Melee . | . . . . . Projectile . | . . . . . AOE 34 | . 34 . . . Terrain Rammed . | . . . . . Walls Destroyed . | . . . . . Machines Disabled . | . . . . . Actions | -11 -10 -10 -10 -9 --------- Run | Scr Mat Min Exi Min Total 1133 | 43 105 385 556 44 Wait 40 | . 1 38 1 . Move 987 | 35 82 294 552 24 Hop . | . . . . . Pick Up 18 | 3 5 8 2 . Fast Attach 6 | 5 . 1 . . Attach 9 | . 2 4 . 3 Detach . | . . . . . Swap 3 | . 1 2 . . Drop 3 | . . 2 1 . Fire 66 | . 14 35 . 17 Melee . | . . . . . Ram . | . . . . . Kick 1 | . . 1 . . Crush . | . . . . . Escape Stasis . | . . . . . Rewire . | . . . . . Trap . | . . . . . Miscellaneous . | . . . . . Route ------- -11/Scrapyard -10/Materials -10/Mines (discovered 2 exits: [*Mat] / *Exi) -10/Exiles (discovered 2 exits: [*Min x2]) -9/Mines History --------- Turn | Location | Event 28 | -11/Scrapyard | Discovered new exit (range 15) 76 | -11/Scrapyard | Entered Materials 212 | -10/Materials | Discovered new exit (range 5) 225 | -10/Materials | Entered Mines 317 | -10/Mines | Build established: Mutant 391 | -10/Mines | Discovered new exit (range 9) 663 | -10/Mines | Lost 6 parts (1p2n1u2w) 777 | -10/Mines | Deemed a non-threat by the Exiles lab entrance 777 | -10/Mines | Discovered new exit (range 5) 905 | -10/Mines | Entered Exiles 905 | -10/Exiles | Found Exiles lab abandoned 905 | -10/Exiles | Accompanied by 2 allies 935 | -10/Exiles | Led the pair of lost Derelicts to a safe place 946 | -10/Exiles | Discovered new exit (range 14) 1227 | -10/Exiles | Discovered new exit (range 11) 2014 | -10/Exiles | Entered Mines 2039 | -9/Mines | Assembled infested the area 2085 | -9/Mines | Core integrity fell below 50% 2096 | -9/Mines | Core integrity fell below 20% 2096 | -9/Mines | Destroyed by D-53 Grenadier with Mini Grenade Launcher Last Messages --------------- 02078_ as-85963 destroyed. 02078_ as-42048 destroyed. 02078_ as-85013 destroyed. 02078_ as-51696 destroyed. 02078_ Lgt. Assault Rifle destroyed. 02083_ System corrupted: Lgt. Assault Rifle targeting data glitched. 02083_ as-11535 destroyed. 02084_ as-86612 destroyed. 02084_ Lgt. Ion Engine destroyed. 02084_ as-69662 destroyed. 02085_ as-82444 destroyed. 02086_ Aluminum Leg destroyed. 02087_ as-06465 destroyed. 02088_ The unstable cave ceiling collapses. 02090_ Sml. Laser destroyed. 02090_ Aluminum Leg destroyed. 02092_ %OTZINSG2|X,T1E8 N=MN> 02092_ Lgt. Assault Rifle destroyed. 02094_ as-73530 destroyed. 02094_ D-53 Grenadier destroyed. Map ----- +----------------------------------------------------+ | ?????????????????????????????????????????????????? | | ?????????????????????????????????????????????????? | | ?????????????????????????????????????????????????? | | ?????????????????????????????????????????????????? | | ?????????????????????????????????????????????????? | | ?????????????????????????????????????????????????? | | ?????????????????????????????????????????????????? | | ?????????????????????????????????????????????????? | | ?????????????????????????????????????????????????? | | ?????????????????????????????????????????????????? | | ?????????????????????????????????????????????????? | | ?????????????????????????????????????????????????? | | ?????????????????????????????????????????????????? | | ???????????????????????????????????????########### | | ???????????????????????????????????????# | | ???????????????????????????????????????# | | ???????????????????????????????????????# ### | | ???????????????????????????????????????# #### | | ??????????????#???????????????????????## #### | | ?????????????## #?????????###??????#### #?## | | ????????????## ????#### #####?## #??### | | ??????????? ?## ### #????? | | ??????????? # #????? | | ?????????? % #????? | | ??????????a ##### ##????? | | ?????????? @ #???## ###?????? | | ?????????? < # ##????####???????? | | ?????????? #??????????????????? | | ??????????? ## ##??????????????????? | | ???????????# ????## d ##???????????????????? | | ???????????????????## #######????????????????????? | | ????????????????????# ???????????????????????????? | | ???????????????????? ????????????????????????????? | | ??????????????????? ?????????????????????????????? | | ?????????????????? ?????????????????????????????? | | ??????????????????#??????????????????????????????? | | ?????????????????????????????????????????????????? | | ?????????????????????????????????????????????????? | | ?????????????????????????????????????????????????? | | ?????????????????????????????????????????????????? | | ?????????????????????????????????????????????????? | | ?????????????????????????????????????????????????? | | ?????????????????????????????????????????????????? | | ?????????????????????????????????????????????????? | | ?????????????????????????????????????????????????? | | ?????????????????????????????????????????????????? | | ?????????????????????????????????????????????????? | | ?????????????????????????????????????????????????? | | ?????????????????????????????????????????????????? | | ?????????????????????????????????????????????????? | +----------------------------------------------------+ Best States ------------- Heat Dissipation 35 Energy Generation 10 Energy Capacity 250 Matter Stores 300 Matter Capacity 300 Sight Range 16 Terrain Scan Density 10 Evasion (%) 40 Item Schematics ----------------- None Robot Schematics ------------------ None Fabricated ------------ Nothing Alien Tech Used ----------------- None Achievements -------------- None Challenges ------------ None Game ------ Seed ScanSniperThrusters Manual? 0 Play Time 00:16:10 Cumulative 21.1 hours Start 2022.01.17 @ 00:42:14 End 2022.01.17 @ 00:57:31 Sessions 1 Manual Loads 0 Difficulty Rogue Special Mode None Game No. 22 Rogue 22 Adventurer 0 Explorer 0 Win Type - Total 0 Types 0/0/0/0/0/0/0/0/0 Lore% 18 Gallery% 29 Achievement% 19 Wizard Run 0 Options --------- ASCII 0 Keyboard 1 Movement Vi Keybinds 0 Fullscreen 2 Font 18/SmallcapsGlow Map View 76x50 Tactical HUD 1 Map Filters NONE Filters NONE Steam 1 RUN: f8a36513-60bf-4004-83c5-c7cba6cab5bf